 Dungeon Crawl Stone Soup version 0.21-a0-1-gaf3b9a5 (webtiles) character file.

14 Gorglomux the Conjurer (level 2, 0/13 HPs)
             Began as a Vine Stalker Conjurer on May 20, 2017.
             Hit by a stone thrown by a hobgoblin (2 damage)
             ... on level 1 of the Dungeon.
             The game lasted 00:00:43 (490 turns).

Gorglomux the Conjurer (Vine Stalker Conjurer)       Turns: 490, Time: 00:00:44

Health: 0/13       AC:  2    Str: 10    XL:     2   Next: 45%
Magic:  0/6        EV: 12    Int: 15    God:
Gold:   37         SH:  0    Dex: 14    Spells: 4/5 levels left

rFire    . . .     SeeInvis .     - Unarmed
rCold    . . .     Gourm    .   (no shield)
rNeg     . . .     Faith    .   a - +0 robe
rPois    .         Spirit   +   (no helmet)
rElec    .         Reflect  .   (no cloak)
rCorr    .         Harm     .   (no gloves)
MR       .....                  (no boots)
Stlth    +++.......             (no amulet)
Regen    0.1/turn               g - ring of stealth {Stlth+}
MPRegen  0.1/turn               (no ring)

@: no status effects
A: fangs 2, magic shield, antimagic bite, no potion heal 3, rot immunity
a: no special abilities


You were on level 1 of the Dungeon.
You were not hungry.

You visited 1 branch of the dungeon, and saw 1 of its levels.

You collected 37 gold pieces.

Inventory:

Hand Weapons
 f - a +0 club
   (You took it off a hobgoblin on level 1 of the Dungeon)
 h - a +0 club
   (You took it off a goblin on level 1 of the Dungeon)
 j - a +0 dagger
   (You took it off a kobold on level 1 of the Dungeon)
Armour
 a - a +0 robe (worn)
Jewellery
 g - a ring of stealth (left hand) {Stlth+}
   (You found it on level 1 of the Dungeon)
Scrolls
 i - a scroll of teleportation {unknown}
Potions
 e - a potion of lignification {unknown}
Books
 b - a book of Conjurations
Comestibles
 c - a bread ration {@e1}
 d - 2 meat rations {@e2}


   Skills:
 - Level 1.5 Dodging
 - Level 2.4 Stealth
 * Level 1.2 Unarmed Combat
 - Level 2.3 Spellcasting
 - Level 4.2 Conjurations


You had 4 spell levels left.
You knew the following spells:

 Your Spells              Type           Power        Failure   Level  Hunger
a - Magic Dart            Conj           ##..         3%          1    #......


Dungeon Overview and Level Annotations

Branches:
Dungeon (1/15)

Altars:


Innate Abilities, Weirdness & Mutations

You have extremely sharp teeth.
When hurt, damage is shared between your health and your magic reserves.
Your bite disrupts and absorbs the magic of your enemies.
Potions cannot restore your health.
You are immune to rotting.


Message History

The giant cockroach bites you.
You closely miss the giant cockroach. You bite the giant cockroach.
You drain its power.
You feel invigorated.
You kill the giant cockroach!
No target in view!
No target in view!
You see here a kobold corpse.
Your magical contamination has completely faded away.
Found a stone staircase leading down.
A goblin comes into view.
The goblin shouts!
You hear a shout!
The goblin moves out of view.
A goblin comes into view. It is wielding a club.
A goblin is nearby!
Aim: a goblin, wielding a club The magic dart hits the goblin.
The goblin misses you.
You hit the goblin. You bite the goblin. You drain its power.
You feel invigorated.
You kill the goblin!
You have reached level 2!
You hit the goblin. The goblin closely misses you.
You hit the goblin.
You kill the goblin!
A rat comes into view.
Aim: a rat The magic dart hits the rat.
You kill the rat!
You can't see any susceptible monsters within range! (Use Z to cast anyway.) Unknown command.
Unknown command.
You can't see any susceptible monsters within range! (Use Z to cast anyway.) Unknown command.
You can't see any susceptible monsters within range! (Use Z to cast anyway.)
h - a club You see here a goblin corpse.
d - 2 meat rations {@e2} (gained 1)
You now have 37 gold pieces (gained 9).
i - a scroll labeled GUINOID ARAL
Found a shiny buckler.
You see here a shiny buckler.
A bat and a kobold come into view.
There are monsters nearby!
Aim: a kobold, wielding a dagger (resting)
The magic dart hits the kobold.
The kobold shouts!
The kobold throws a stone.
The stone hits you but does no damage.
Aim: a kobold, wielding a dagger (heavily wounded)
The magic dart hits the kobold.
Aim: a kobold, wielding a dagger (severely wounded)
The magic dart hits the kobold.
You kill the kobold!
Unknown command.
You can't see any susceptible monsters within range! (Use Z to cast anyway.) Unknown command.
You can't see any susceptible monsters within range! (Use Z to cast anyway.)
j - a dagger You see here a kobold corpse.
A jackal comes into view.
A jackal is nearby!
A jackal is nearby!
Aim: a jackal (resting)
The magic dart hits the jackal.
The jackal barks!
A jackal comes into view.
Aim: a jackal (moderately wounded)
The magic dart hits the jackal.
The jackal barks!
The jackal moves out of view.
Aim: a jackal (moderately wounded)
The magic dart hits the jackal.
You kill the jackal!
Your Unarmed Combat skill increases to level 1!
Aim: a bat The magic dart hits the bat.
You kill the bat!
A hobgoblin comes into view. It is wielding a club.
Unknown command.
Aim: a jackal The magic dart hits the jackal.
The hobgoblin shouts!
You hit the jackal. The jackal misses you. x2
You miss the jackal. The jackal closely misses you.
You miss the jackal. You bite the jackal, but do no damage.
The jackal bites you. x2
You barely miss the jackal. The jackal closely misses you.
You closely miss the jackal. The jackal closely misses you.
You hit the jackal. Your bite misses the jackal. The jackal bites you.
The jackal closely misses you.
You hit the jackal.
You kill the jackal!
The hobgoblin throws a stone.
The stone barely misses you. The hobgoblin hits you with a club!
* * * LOW HITPOINT WARNING * * *
Things that are here:
a jackal corpse; a bat corpse You are too injured to fight recklessly!
The hobgoblin throws a stone.
The stone misses you.
You see here a stone.
The hobgoblin throws a stone.
The stone hits you.
You die...

# ###.#.##.#.......##
###.###...#.##.##.....##
.............[.###...##
#.........#### ##+##
#####.##### #.# #†# .
#.# ### ...
##.###@#####.....
#...#.#(.g.......
#.#..###(#####.#.
#...#.#.## ######.# ###


You could see a hobgoblin.

Vanquished Creatures
  A dart slug (D:1)
  A giant cockroach (D:1)
  2 goblins (D:1)
  A hobgoblin (D:1)
  2 jackals (D:1)
  A bat (D:1)
  2 kobolds (D:1)
  A rat (D:1)
11 creatures vanquished.

Notes
Turn   | Place    | Note
-------+----------+-------------------------------------------
     0 | D:1      | Gorglomux the Vine Stalker Conjurer began the quest for the Orb.
     0 | D:1      | Reached XP level 1. HP: 9/9 MP: 4/4
    32 | D:1      | HP: 2/9 [hobgoblin/club (7)]
   426 | D:1      | Reached XP level 2. HP: 13/13 MP: 6/6
   477 | D:1      | Reached skill level 1 in Unarmed Combat
   487 | D:1      | HP: 2/13 [hobgoblin/club (6)]
   490 | D:1      | Hit by a stone thrown by a hobgoblin

Vault maps used:
D:1:      minmay_arrival_cross

Skill      XL: |  1  2 |
---------------+-------+-----
Unarmed Combat | 1 |  1.2
Dodging        | |  1.5
Stealth        | |  2.4
Spellcasting   | |  2.3
Conjurations   | |  4.2

Action                   || total
-------------------------++-------
Melee: Unarmed           ||    15
       Bite              ||     4
 Cast: Magic Dart        ||    22
Armor: Robe              ||     2
Dodge: Dodged            ||    11

Vault maps used:
D:1:      minmay_arrival_cross

Table legend:
 A = Turns spent in this place as a percentage of turns spent in the entire game.
 B = Non-inter-level travel turns spent in this place as a percentage of non-inter-level travel turns spent in the entire game.
 C = Inter-level travel turns spent in this place as a percentage of turns spent in this place.
 D = Turns resting spent in this place as a percentage of non-inter-level travel turns spent in this place.
 E = Turns spent auto-exploring this place as a percentage of non-inter-level travel turns spent in this place.
 F = Non-inter-level travel turns spent in this place divided by the number of levels of this place that you've seen.
                   A       B       C       D       E      F
               +-------+-------+-------+-------+-------+----------------------
         Total | 100.0 | 100.0 |   0.0 |   5.3 |  12.4 | 113.0
       Dungeon | 100.0 | 100.0 |   0.0 |   5.3 |  12.4 | 113.0
               +-------+-------+-------+-------+-------+----------------------

Table legend:
 A = Kills in this place as a percentage of kills in entire the game.
 B = Kills by you in this place as a percentage of kills by you in the entire game.
 C = Kills by friends in this place as a percentage of kills by friends in the entire game.
 D = Other kills in this place as a percentage of other kills in the entire game.
 E = Experience gained in this place as a percentage of experience gained in the entire game.
 F = Experience gained in this place divided by the number of levels of this place that you have seen.
                   A       B       C       D       E      F
               +-------+-------+-------+-------+-------+----------------------
         Total | 100.0 | 100.0 |  -nan |  -nan | 100.0 |  21.0
       Dungeon | 100.0 | 100.0 |  -nan |  -nan | 100.0 |  21.0
               +-------+-------+-------+-------+-------+----------------------
